 Dungeon Crawl Stone Soup version 0.27-a0-633-gc6addc0a40 (webtiles) character file.

Game seed: 13262900207933993711

214661 jasper the Ninja (level 18, -13/123 HPs)
             Began as a Spriggan Enchanter on Mar 13, 2021.
             Was the Champion of Dithmenos.
             Killed from afar by a deep elf annihilator (71 damage)
             ... with a crystal spear
             ... on level 3 of the Elven Halls on Mar 14, 2021.
             The game lasted 01:30:12 (43681 turns).

jasper the Ninja (Spriggan Enchanter)              Turns: 43681, Time: 01:30:13

Health: -13/123    AC: 30    Str:  4    XL:     18   Next: 30%
Magic:  19/25      EV: 24    Int: 29    God:    Dithmenos [******]
Gold:   171        SH: 11    Dex: 17    Spells: 3/25 levels left

rFire    + + .     SeeInvis +   f - +8 dagger (distort)
rCold    + . .     Faith    .   b - +3 buckler {reflect}
rNeg     + + .     Spirit   .   (armour currently unavailable)
rPois    ∞         Reflect  +   U - +2 hat
rElec    +         Harm     .   W - +0 cloak "Hettyd" {rF++ rC+ rN+}
rCorr    .         Rampage  .   (gloves unavailable)
Will     +++..                  (boots unavailable) Stlth ********++
                                A - amulet of regeneration
HPRegen  1.30/turn              l - +6 ring of intelligence
MPRegen  0.19/turn              H - ring of wizardry

@: statue-form, wreathed by umbra, very slow
A: slow and powerful, torment resistance 1, boosted hp, very small, no large
weapons, unfitting armour, see invisible, (speed 3)
}: 1/15 runes: serpentine
a: End Transformation, Renounce Religion, Shadow Step, Shadow Form


You were on level 3 of the Elven Halls.
You worshipped Dithmenos.
Dithmenos was exalted by your worship.
You were a living statue of rough stone.
You visited 6 branches of the dungeon, and saw 31 of its levels.
You visited 1 bazaar.

You collected 2665 gold pieces.
You spent 2494 gold pieces at shops.

Inventory:

Hand Weapons
 f - a +8 dagger of distortion (weapon)
Missiles
 o - 162 sling bullets
 q - 2 throwing nets
 u - 6 atropa-tipped darts
 y - 50 poisoned darts
Armour
 b - a +3 buckler of reflection (worn)
 Q - +4 steam dragon scales (melded)
 U - a +2 hat (worn)
 W - the +0 cloak "Hettyd" (worn) {rF++ rC+ rN+}
   (You bought it in a shop on level 9 of the Dungeon)

   It greatly protects you from fire.
   It protects you from cold.
   It protects you from negative energy.
Jewellery
 l - a +6 ring of intelligence (right fist)
 A - an amulet of regeneration (around neck)
 H - a ring of wizardry (left fist)
 N - a ring of fire
 P - a ring of protection from fire
Wands
 d - a wand of iceblast (3)
 i - a wand of random effects (24)
 B - a wand of flame (33)
 C - a wand of polymorph (40)
 D - a wand of acid (16)
 G - a wand of charming (30)
 J - a wand of digging (5)
 O - a wand of mindburst (17)
Scrolls
 a - 2 scrolls of teleportation
 c - 10 scrolls of amnesia
 h - 5 scrolls of fog
 r - 2 scrolls of immolation
 s - 4 scrolls of fear
 L - 3 scrolls of enchant weapon
 S - 2 scrolls of vulnerability
 T - 4 scrolls of torment
 V - a scroll of magic mapping
 X - 2 scrolls of identify
 Y - a scroll of silence
Potions
 g - 2 potions of attraction
 m - 2 potions of ambrosia
 n - 6 potions of might
 p - 4 potions of flight
 t - 9 potions of haste
 v - 8 potions of cancellation
 w - 2 potions of lignification
 x - 4 potions of magic
 z - 3 potions of mutation
 E - 8 potions of curing
 F - a potion of invisibility
 K - 5 potions of berserk rage
 M - 2 potions of brilliance
 R - 4 potions of resistance
 Z - 3 potions of heal wounds


   Skills:
 + Level 10.8 Fighting
 - Level 10.0 Short Blades
 - Level 10.8 Dodging
 O Level 27 Stealth
 - Level 7.2 Shields
 - Level 4.0 Spellcasting
 - Level 11.0 Hexes
 - Level 12.2 Transmutations
 - Level 6.0 Ice Magic
 * Level 11.0 Earth Magic
 + Level 4.8 Invocations


You had 3 spell levels left.
You knew the following spells:

 Your Spells              Type           Power      Damage    Failure   Level
a - Statue Form           Tmut/Erth      43%        N/A       3%          6
b - Ensorcelled Hibernat  Hex/Ice        100%       N/A       1%          2
c - Confusing Touch       Hex            62%        N/A       1%          3
d - Tukima's Dance        Hex            62%        N/A       1%          3
e - Invisibility          Hex            62%        N/A       4%          6
f - Passwall              Tmut/Erth      54%        N/A       1%          2

Your spell library contained the following spells:

 Spells                   Type           Power      Damage    Failure   Level
 Corona                   Hex            68%        N/A       1%          1
 Sting                    Tmut/Pois      100%       1d8       1%          1
 Dazzling Flash           Conj/Hex       74%        N/A       1%          3
 Ignite Poison            Fire/Tmut/Pois 29%        N/A       1%          3
 Inner Flame              Hex/Fire       37%        N/A       1%          3
 Summon Guardian Golem    Hex/Summ       37%        N/A       1%          3
 Apportation              Tloc           10%        N/A       2%          1
 Foxfire                  Conj/Fire      20%        2x1d5     2%          1
 Magic Dart               Conj           20%        1d4       2%          1
 Summon Small Mammal      Summ           20%        N/A       2%          1
 Call Imp                 Summ           5%         N/A       4%          2
 Corpse Rot               Necr/Air       N/A        N/A       4%          2
 Poisonous Vapours        Pois/Air       10%        N/A       4%          2
 Searing Ray              Conj           10%        3d3       4%          2
 Sublimation of Blood     Necr           2%         N/A       4%          2
 Swiftness                Air            5%         N/A       4%          2
 Call Canine Familiar     Summ           5%         N/A       9%          3
 Conjure Flame            Conj/Fire      5%         6-21      9%          3
 Gell's Gravitas          Tloc           2%         N/A       9%          3
 Lesser Beckoning         Tloc           2%         N/A       9%          3
 Mephitic Cloud           Conj/Pois/Air  5%         N/A       9%          3
 Vampiric Draining        Necr           2%         2d6       9%          3
 Petrify                  Tmut/Erth      65%        N/A       1%          4
 Lee's Rapid Deconstruct  Erth           31%        3d17*     1%          5
 Yara's Violent Unravell  Hex/Tmut       32%        3d13      1%          5
 Fulminant Prism          Conj/Hex       18%        3d11      2%          4
 Metabolic Englaciation   Hex/Ice        26%        N/A       2%          5
 Hydra Form               Tmut           33%        N/A       2%          6
 Alistair's Intoxication  Tmut/Pois      27%        N/A       6%          5
 Irradiate                Conj/Tmut      20%        3d20      6%          5
 Summon Ice Beast         Ice/Summ       23%        N/A       9%          4
 Dragon Form              Tmut           33%        N/A       16%         7
 Iskenderun's Mystic Bla  Conj/Tloc      5%         2d3       26%         4
 Olgreb's Toxic Radiance  Pois           5%         N/A       26%         4
 Passage of Golubria      Tloc           N/A        N/A       26%         4
 Sticky Flame             Conj/Fire      5%         2d3       26%         4
 Summon Lightning Spire   Summ/Air       5%         N/A       26%         4
 Eringya's Noxious Bog    Tmut/Pois      20%        N/A       32%         6
 Excruciating Wounds      Necr           2%         N/A       56%         5
 Fireball                 Conj/Fire      2%         3d4       56%         5
 Freezing Cloud           Conj/Ice/Air   8%         6-21      86%         6


Dungeon Overview and Level Annotations

Branches:
Dungeon (15/15)            Temple (1/1) D:4            Lair (6/6) D:11
 Shoals (0/4) Lair:2        Snake (4/4) Lair:2        Slime (0/5) Lair:5
    Orc (2/2) D:12            Elf (3/3) Orc:2        Vaults (0/5) D:13
 Depths (0/5) D:15

Altars:
Ashenzari
Cheibriados
Dithmenos
Elyvilon
Fedhas
Gozag
Hepliaklqana
Kikubaaqudgha
Makhleb
Okawaru
Ru
Sif Muna
Trog
Uskayaw
Vehumet
Wu Jian
Xom
Yredelemnul
Zin
The Shining One

Shops:
D:4 *   D:5 !   D:7 (   D:9 [   D:12 =   Orc:2 [([*:   Elf:3 [   Snake:1 !?(
Snake:4 ==:

Annotations:
D:11 2 transporters, IdlyInterested's ghost, novice OpFi
Lair:2 exclusion: oklob plant
Lair:3 2 transporters, Kustesche's ghost, journeyman NaTm
Elf:2 5 runed translucent doors
Elf:3 1 exclusion


Innate Abilities, Weirdness & Mutations

You are a living statue of rough stone.
Your actions are slow, but your melee attacks are powerful.
You are resistant to unholy torment.
Your maximum health is greatly increased.
You are immune to poison.
Your equipment is partially melded.
You are very small and have problems with some larger weapons.
You are too small for most types of armour.
You have supernaturally acute eyesight. (SInv)
((You cover ground extremely quickly. (Speed+++)))


Message History

The deep elf annihilator misses you.
You hit the deep elf annihilator.
The deep elf annihilator is severely wounded.
You puncture the deep elf annihilator!
Space bends around the deep elf annihilator.
The deep elf annihilator is almost dead.
The deep elf annihilator barely misses you.
You puncture the deep elf annihilator!
You kill the deep elf annihilator!
Dithmenos accepts your kill.
Your life force feels restored.
You regained 2 hp, and now have 122/123 hp.
A deep elf annihilator is nearby!
The deep elf annihilator closely misses you.
Health restored: 123 You hit the deep elf annihilator but do no damage.
Space bends around the deep elf annihilator.
The deep elf annihilator is lightly wounded.
Your shadow barely misses the deep elf annihilator.
The deep elf annihilator hits you but does no damage.
You closely miss the deep elf annihilator.
The deep elf annihilator is lightly wounded.
You puncture the deep elf annihilator!
Space bends around the deep elf annihilator.
The deep elf annihilator is moderately wounded.
The deep elf annihilator gestures at you while chanting.
The crystal spear hits you!!!
Ouch! That really hurt!
You emit a cloud of dark smoke.
You hear a shout!
You take 66 damage, and have 57/123 hp.
MASSIVE DAMAGE!!
You puncture the deep elf annihilator!
Space bends around the deep elf annihilator.
The deep elf annihilator is heavily wounded.
Your shadow hits the deep elf annihilator with a dagger.
You hear a shout!
The deep elf annihilator gestures at you while chanting.
The crystal spear hits you!!!
Ouch! That really hurt!
You die...

*,,,*#..............#...# ##
*,***.....##.##.....###.#
.##*,,,,...#**#.####...e.*.#
..#*,,,,.#** #.# *##...,,*
..#*,,,*** #.# *##.,,*
..#*,*** #.# ***,* .##***
#.# *** #.########
#e######## #........##
##§8§§....## ......).<.##
#§§§§§.....#
.........#.####§§§.....##
.#......###.###.......##
.#......####.##......##
.###..##.####.#.##..##
.###..###.#........##
.##.##.###..........#
.#.####.###........##


You could see a deep elf annihilator.

Vanquished Creatures
  Saint Roka (Snake:4)
  Asterion (Elf:3)
  Agnes (D:14)
  Gastronok (Lair:1)
  Kirke (Snake:4)
  4 nagarajas
  Louise (Snake:1)
  2 orc warlords
  A deep elf elementalist (Elf:2)
  Aizul (Snake:4)
  2 deep elf annihilators (Elf:3)
  2 deep elf high priests (Elf:3)
  3 boulder beetles
  11 hydras
  Erica (D:8)
  3 catoblepae (Lair:6)
  3 centaur warriors
  9 naga warriors
  13 anacondas
  11 dancing weapons
  5 two-headed ogres
  2 death knights
  A tengu warrior (D:15)
  7 death yaks
  4 orc high priests
  5 shock serpents
  A vampire mage (D:15)
  13 naga sharpshooters
  3 deep elf knights (Elf:2)
  A fire crab (Lair:6)
  A salamander mystic (Snake:2)
  9 sea snakes (Snake:4)
  13 skeletal warriors
  2 unseen horrors
  A large abomination (Elf:1)
  3 deep elf archers (Elf:2)
  2 naga ritualists
  A phantasmal warrior (D:14)
  16 deep elf zephyrmancers
  4 necromancers
  4 orc knights
  Pikel (D:7)
  10 deep elf pyromancers
  A frost giant zombie (D:15)
  8 orc sorcerers
  2 ugly things (D:13)
  An oklob plant (D:11)
  9 mana vipers
  4 cyclopes
  13 elephants
  4 manticores
  Joseph (D:7)
  12 salamanders
  32 black mambas
  13 naga magi
  8 guardian serpents
  18 cane toads
  A torpor snail (Lair:6)
  2 gargoyles
  A spriggan skeleton (D:15)
  A rime drake (Lair:6)
  An efreet (D:12)
  8 komodo dragons
  A spriggan zombie (D:15)
  A kobold demonologist (D:11)
  4 tengu conjurers
  4 freezing wraiths
  3 yaktaurs (D:15)
  3 trolls
  A hornet (Lair:1)
  15 blink frogs
  A meliai zombie (D:15)
  10 slime creatures
  An ice dragon zombie (D:15)
  2 spriggans (shapeshifter)
  2 air elementals
  3 wyverns
  Eustachio (D:5)
  4 water elementals
  3 centaur simulacra
  A spriggan (D:14)
  4 basilisks
  2 wraiths
  58 yaks
  3 fire elementals
  2 shadows
  2 hogs (Snake:4)
  A steam dragon (D:11)
  Grum (D:8)
  9 vampire mosquitoes
  43 nagas
  A soldier ant (D:15)
  An acid dragon (D:14)
  A warg (Orc:2)
  13 water moccasins
  42 orc warriors
  5 sky beasts
  6 ice beasts
  A black bear (shapeshifter) (D:12)
  A necrophage (D:11)
  11 centaurs
  10 ogres
  3 boggarts (D:14)
  13 wolves
  A kobold brigand (D:6)
  16 bullfrogs
  An elf zombie (Elf:1)
  5 earth elementals
  4 scorpions
  12 wights
  10 killer bees
  5 howler monkeys
  7 centaur zombies
  3 jellies
  A quasit (D:10)
  2 bullfrog skeletons
  24 orc priests
  4 centaur skeletons
  5 hounds
  9 worker ants
  4 iguanas
  26 orc wizards
  2 yak simulacra (D:10)
  2 polar bear simulacra (D:10)
  4 wolf simulacra (D:10)
  A worker ant zombie (D:3)
  Robin (D:4)
  9 adders
  5 gnolls
  4 white imps
  An ufetubus (D:9)
  An adder skeleton (D:9)
  2 adder zombies (D:3)
  3 worms
  4 dart slugs
  8 leopard geckos
  95 orcs
  2 ball pythons
  2 giant cockroaches (D:4)
  12 goblins
  11 hobgoblins
  7 jackals
  9 kobolds
  4 quokkas
  A bat (D:2)
  3 frilled lizards
  2 giant cockroach zombies (D:3)
  A jackal zombie (D:3)
  5 rats
  2 river rat simulacra (D:10)
956 creatures vanquished.

Vanquished Creatures (collateral kills)
  A skeletal warrior (D:13)
  2 orc warriors (Orc:2)
  An ogre (D:10)
  An orc priest (Orc:2)
  An orc wizard (Orc:1)
6 creatures vanquished.

Vanquished Creatures (others)
  An unseen horror (D:15)
  A necromancer (Elf:1)
  6 dancing weapons
  A human (Snake:4)
  A naga (Snake:4)
  2 orcs (Snake:4)
  16 fungi
  54 plants
  7 withered plants (D:15)
89 creatures vanquished.

Grand Total: 1051 creatures vanquished

Notes
Turn   | Place    | Note
-------+----------+-------------------------------------------
     0 | D:1      | jasper the Spriggan Enchanter began the quest for the Orb.
     0 | D:1      | Reached XP level 1. HP: 9/9 MP: 5/5
   619 | D:2      | Reached XP level 2. HP: 13/13 MP: 6/6
   629 | D:2      | Learned a level 2 spell: Ensorcelled Hibernation
   869 | D:2      | Reached skill level 5 in Stealth
  1188 | D:2      | Reached XP level 3. HP: 13/16 MP: 4/8
  1192 | D:2      | Learned a level 3 spell: Confusing Touch
  2552 | D:1      | Found a sacrificial altar of Ru.
  2554 | D:1      | Found a shimmering blue altar of Sif Muna.
  2554 | D:1      | Found an opulent altar of Gozag.
  2556 | D:1      | Found a shimmering altar of Xom.
  2556 | D:1      | Found a glowing golden altar of the Shining One.
  2556 | D:1      | Found a blossoming altar of Fedhas.
  2735 | D:1      | Reached XP level 4. HP: 21/21 MP: 2/9
  2739 | D:1      | Learned a level 3 spell: Tukima's Dance
  3165 | D:3      | Reached skill level 1 in Ice Magic
  3605 | D:3      | Reached skill level 6 in Stealth
  4513 | D:4      | Found a broken altar of Ashenzari.
  4590 | D:4      | Reached XP level 5. HP: 24/24 MP: 7/10
  4738 | D:4      | Noticed Robin
  4816 | D:4      | Killed Robin
  4817 | D:4      | Reached skill level 7 in Stealth
  5013 | D:4      | Noticed an ogre
  5029 | D:4      | Found Tuhilouj's General Store.
  5036 | D:4      | Found a snail-covered altar of Cheibriados.
  5040 | D:4      | Bought a throwing net for 36 gold pieces
  5040 | D:4      | Bought a scroll of fear for 42 gold pieces
  5119 | D:5      | Entered Level 5 of the Dungeon
  5618 | D:5      | Reached XP level 6. HP: 28/28 MP: 8/11
  5795 | D:5      | Noticed Eustachio
  6170 | D:6      | Reached skill level 5 in Dodging
  6170 | D:6      | Reached skill level 8 in Stealth
  6170 | D:6      | Reached skill level 5 in Hexes
  6276 | D:6      | Reached XP level 7. HP: 32/32 MP: 9/12
  6326 | D:6      | Reached skill level 9 in Stealth
  6579 | D:6      | Reached skill level 10 in Stealth
  6760 | D:6      | Found a radiant altar of Vehumet.
  7118 | D:7      | Reached XP level 8. HP: 36/36 MP: 10/13
  7226 | D:7      | Found Gihezelua's Antique Weapon Boutique.
  7231 | D:7      | Noticed Joseph
  7245 | D:7      | Killed Joseph
  7246 | D:7      | Reached skill level 11 in Stealth
  7476 | D:7      | Noticed Pikel
  7487 | D:7      | Killed Pikel
  7488 | D:7      | Reached skill level 12 in Stealth
  7488 | D:7      | Reached XP level 9. HP: 39/39 MP: 8/14
  7780 | D:8      | Found an ornate altar of the Wu Jian Council.
  7789 | D:8      | Noticed Erica
  8055 | D:8      | Killed Erica
  8056 | D:8      | Reached skill level 13 in Stealth
  8351 | D:8      | Noticed Grum
  8561 | D:7      | Reached skill level 14 in Stealth
  8628 | D:8      | Killed Grum
  9000 | D:8      | Reached XP level 10. HP: 44/44 MP: 12/15
  9292 | D:5      | Killed Eustachio
  9502 | D:5      | Found Ollac's Distillery.
  9516 | D:5      | Bought 2 potions of curing for 60 gold pieces
  9516 | D:5      | Bought a potion of cancellation for 80 gold pieces
  9555 | D:4      | Found an ancient bone altar of Kikubaaqudgha.
  9555 | D:4      | Found an iron altar of Okawaru.
  9555 | D:4      | Found a white marble altar of Elyvilon.
  9555 | D:4      | Found a glowing silver altar of Zin.
  9664 | D:4      | Found a staircase to the Ecumenical Temple.
  9836 | Temple   | Entered the Ecumenical Temple
  9957 | Temple   | Became a worshipper of Dithmenos the Shadowed
 10458 | D:9      | Noticed a two-headed ogre
 10462 | D:9      | Killed a two-headed ogre
 10463 | D:9      | Reached skill level 15 in Stealth
 10990 | D:9      | Reached * piety under Dithmenos
 10994 | D:9      | Reached skill level 10 in Hexes
 11008 | D:9      | Found Fewaynil's Armour Boutique.
 11160 | D:9      | Reached skill level 10 in Dodging
 11329 | D:10     | Entered Level 10 of the Dungeon
 11338 | D:10     | Noticed a two-headed ogre
 11352 | D:10     | Killed a two-headed ogre
 11561 | D:10     | Reached skill level 5 in Ice Magic
 11698 | D:10     | Reached skill level 16 in Stealth
 11847 | D:10     | Noticed a necromancer
 12111 | D:11     | Noticed a gargoyle
 12116 | D:11     | Killed a gargoyle
 12120 | D:11     | Noticed a manticore
 12127 | D:11     | Killed a manticore
 12128 | D:11     | Reached XP level 11. HP: 37/47 MP: 7/16
 12296 | D:11     | Noticed an oklob plant
 12303 | D:11     | Found a staircase to the Lair.
 12306 | D:11     | Killed an oklob plant
 12306 | D:11     | Reached ** piety under Dithmenos
 12479 | D:11     | Found a transporter.
 12480 | D:11     | Noticed a two-headed ogre
 12481 | D:11     | Identified the +9 dire flail "Louk" {vorpal, *Slow Int+2
                  | Dex+3}
 12481 | D:11     | Noticed a two-headed ogre
 12484 | D:11     | Noticed a two-headed ogre
 12517 | D:11     | Found a transporter.
 12547 | D:11     | Noticed IdlyInterested's ghost (novice OpFi)
 12763 | D:11     | Reached skill level 1 in Fighting
 12763 | D:11     | Reached skill level 17 in Stealth
 12956 | D:12     | Noticed a four-headed hydra
 12985 | D:12     | Killed a four-headed hydra
 13016 | D:12     | Noticed an orc knight
 13019 | D:12     | Noticed a centaur warrior
 13019 | D:12     | Noticed a boulder beetle
 13022 | D:12     | Killed a boulder beetle
 13025 | D:12     | Killed an orc knight
 13027 | D:12     | Killed a centaur warrior
 13030 | D:12     | Reached skill level 18 in Stealth
 13110 | D:12     | Found a staircase to the Orcish Mines.
 13138 | D:12     | Found Judd's Jewellery Boutique.
 13289 | D:12     | Reached *** piety under Dithmenos
 13346 | D:12     | Noticed a skeletal warrior
 13349 | D:12     | Noticed a skeletal warrior
 13351 | D:12     | Noticed a skeletal warrior
 13352 | D:12     | Noticed a skeletal warrior
 13353 | D:12     | Killed a skeletal warrior
 13355 | D:12     | Noticed a skeletal warrior
 13357 | D:12     | Killed a skeletal warrior
 13481 | Lair:1   | Entered Level 1 of the Lair of Beasts
 13528 | Lair:1   | Reached skill level 5 in Short Blades
 13528 | Lair:1   | Reached XP level 12. HP: 57/57 MP: 17/17
 13541 | Lair:1   | Learned a level 6 spell: Statue Form
 13560 | Lair:1   | Noticed an eight-headed hydra
 13601 | Lair:1   | Killed an eight-headed hydra
 13746 | Lair:1   | Noticed Gastronok
 13752 | Lair:1   | Killed Gastronok
 13753 | Lair:1   | Reached skill level 19 in Stealth
 14361 | Lair:2   | Found a staircase to the Shoals.
 14364 | Lair:2   | Reached skill level 20 in Stealth
 14486 | Lair:2   | Reached skill level 5 in Fighting
 14723 | Lair:2   | Found a staircase to the Snake Pit.
 15359 | Snake:1  | Entered Level 1 of the Snake Pit
 15382 | Lair:3   | Reached **** piety under Dithmenos
 15613 | Lair:3   | Noticed a seven-headed hydra
 15620 | Lair:3   | Killed a seven-headed hydra
 15647 | Lair:3   | Found a transporter.
 15947 | Lair:3   | Reached XP level 13. HP: 65/65 MP: 1/18
 16421 | Lair:3   | Noticed Kustesche's ghost (journeyman NaTm)
 16454 | Lair:3   | Found a transporter.
 16694 | Lair:4   | Reached skill level 21 in Stealth
 16702 | Lair:4   | Identified the amulet "Ceidomponk" {Reflect rPois SH+5}
 17694 | Lair:5   | Found a staircase to the Slime Pits.
 17704 | Lair:5   | Reached ***** piety under Dithmenos
 17723 | Lair:5   | Reached skill level 22 in Stealth
 18443 | Lair:6   | Entered Level 6 of the Lair of Beasts
 19376 | Lair:5   | Reached XP level 14. HP: 71/72 MP: 12/19
 19428 | Lair:6   | Reached skill level 23 in Stealth
 19710 | Lair:6   | Reached skill level 10 in Short Blades
 21002 | D:9      | Bought the +0 cloak "Hettyd" {rF++ rC+ rN+} for 442 gold
                  | pieces
 21389 | Orc:1    | Entered Level 1 of the Orcish Mines
 21973 | Orc:2    | Entered Level 2 of the Orcish Mines
 22091 | Orc:1    | Noticed an orc warlord
 22528 | D:12     | Killed an orc warlord
 22529 | D:12     | Reached skill level 24 in Stealth
 23244 | Orc:2    | Reached ****** piety under Dithmenos
 23519 | Orc:2    | Found Vyp Ciss's Antique Armour Emporium.
 23559 | Orc:2    | Found a staircase to the Elven Halls.
 25373 | Orc:2    | Noticed an orc warlord
 25472 | Orc:1    | Killed an orc warlord
 25711 | Orc:2    | Reached skill level 25 in Stealth
 25938 | Orc:2    | Found Ficaagh's General Store.
 25939 | Orc:2    | Found Viyklele's Book Emporium.
 25941 | Orc:2    | Found Xecwejyj's Antique Armour Shoppe.
 25941 | Orc:2    | Found Itrys's Antique Weapon Shoppe.
 25946 | Orc:2    | Bought a scroll of teleportation for 39 gold pieces
 25946 | Orc:2    | Bought a scroll of teleportation for 39 gold pieces
 25946 | Orc:2    | Bought a potion of magic for 104 gold pieces
 25946 | Orc:2    | Bought a potion of cancellation for 104 gold pieces
 26159 | Orc:2    | Found a burning altar of Makhleb.
 27822 | Lair:6   | Reached XP level 15. HP: 79/79 MP: 13/20
 27967 | Lair:6   | Learned a level 2 spell: Swiftness
 27970 | Lair:6   | Learned a level 2 spell: Passwall
 28545 | D:13     | Reached skill level 10 in Fighting
 28557 | D:13     | Reached skill level 1 in Transmutations
 28808 | D:12     | Reached skill level 1 in Earth Magic
 28914 | D:13     | Found a gate to the Vaults.
 29440 | D:13     | Reached skill level 5 in Transmutations
 30427 | D:14     | Found an opulent altar of Gozag.
 30482 | D:14     | Noticed Agnes
 30484 | D:14     | Killed Agnes
 30485 | D:14     | Reached skill level 5 in Earth Magic
 31327 | D:15     | Entered Level 15 of the Dungeon
 32032 | D:15     | Found a sacrificial altar of Ru.
 32704 | D:15     | Found a staircase to the Depths.
 32953 | D:15     | Reached XP level 16. HP: 81/83 MP: 20/22
 33004 | D:15     | Found a hide-covered altar of Uskayaw.
 33050 | D:15     | Learned a level 6 spell: Invisibility
 33723 | Snake:1  | Noticed Louise
 33724 | Snake:1  | Found Ner Niu's Distillery.
 33725 | Snake:1  | Killed Louise
 33887 | Snake:1  | Bought a potion of heal wounds for 80 gold pieces
 33887 | Snake:1  | Bought a potion of cancellation for 128 gold pieces
 33887 | Snake:1  | Bought a potion of brilliance for 64 gold pieces
 33916 | Snake:1  | Reached skill level 10 in Transmutations
 34566 | Snake:1  | Found Ceenlot's Magic Scroll Boutique.
 34571 | Snake:1  | Found Zagoor's Weapon Boutique.
 37304 | Snake:3  | Reached skill level 26 in Stealth
 38178 | Snake:3  | Found a flickering gateway to a bazaar.
 38189 | Bazaar   | Entered a bazaar
 38214 | Bazaar   | Found Ruxarul's Armour Emporium.
 38215 | Bazaar   | Found Vatiacut's Weapon Emporium.
 38260 | Bazaar   | Found Cathraly's Distillery.
 38261 | Bazaar   | Found Kefolaa's Distillery.
 38284 | Bazaar   | Bought a potion of heal wounds for 60 gold pieces
 38284 | Bazaar   | Bought a potion of curing for 36 gold pieces
 38363 | Snake:1  | Bought a scroll of acquirement for 1040 gold pieces
 38363 | Snake:1  | Bought a scroll of fear for 70 gold pieces
 38363 | Snake:1  | Bought a scroll of fear for 70 gold pieces
 38363 | Snake:1  | Acquired a +2 buckler of reflection
 38689 | Snake:4  | Entered Level 4 of the Snake Pit
 38689 | Snake:4  | Noticed Saint Roka
 38692 | Snake:4  | Killed Saint Roka
 38693 | Snake:4  | Reached XP level 17. HP: 84/89 MP: 19/24
 38783 | Snake:4  | Identified the +3 broad axe "Vier" {speed, Str+2 Int+7}
 38813 | Snake:4  | Reached skill level 27 in Stealth
 38885 | Snake:4  | Reached skill level 1 in Shields
 38885 | Snake:4  | Noticed Kirke
 38939 | Snake:4  | Killed Kirke
 39008 | Snake:4  | Found Pokyesij's Jewellery Shop.
 39009 | Snake:4  | Found Cuaren's Book Emporium.
 39011 | Snake:4  | Found Isketara's Jewellery Shop.
 39881 | Snake:4  | Reached skill level 5 in Shields
 40115 | Snake:4  | Noticed Aizul
 40121 | Snake:4  | Killed Aizul
 40646 | Snake:4  | Reached skill level 1 in Invocations
 40789 | Snake:4  | Got a serpentine rune of Zot
 41092 | Elf:1    | Entered Level 1 of the Elven Halls
 41228 | Elf:1    | Identified Sif Muna's Disquisition on Evil Arts
 41740 | Elf:1    | You fall into a shaft and drop 1 floor!
 41740 | Elf:2    | Found a huge runed translucent gate.
 41740 | Elf:2    | Found a huge runed translucent gate.
 41740 | Elf:2    | Found a huge runed translucent gate.
 41740 | Elf:2    | Found a huge runed translucent gate.
 41740 | Elf:2    | Found a huge runed translucent gate.
 41751 | Elf:2    | Reached skill level 10 in Earth Magic
 41899 | Elf:2    | Reached XP level 18. HP: 95/95 MP: 20/25
 42319 | Elf:1    | Found a shimmering blue altar of Sif Muna.
 42916 | Elf:3    | Entered Level 3 of the Elven Halls
 42916 | Elf:3    | Found Ketodopse's Antique Armour Shoppe.
 43122 | Elf:3    | Noticed Asterion
 43127 | Elf:3    | Killed Asterion
 43457 | Elf:3    | Noticed a Brimstone Fiend
 43467 | Elf:3    | Identified the ring of the Five Underlurkers {rPois Dex+3}
 43681 | Elf:3    | Killed from afar by a deep elf annihilator

Illustrated notes

Levels and vault maps discovered:
D:1:      dpeg_arrival_more_subterranean_lakeside_camping, layout_loops_cross,
          amcnicky_mini_corridor_feature, doesnt_xom_only_xom
D:2:      layout_basic
D:3:      layout_basic, serial_undead, serial_undead_e, serial_undead_f,
          serial_undead_c, serial_undead_c, grunt_ministairs_14
D:4:      minmay_chambers_of_twos, layout_rooms, cheibriados_altar_1,
          old_standard_altar, nicolae_overflow_hidden_temple,
          minmay_temple_entry_crystal_x, serial_shops, nicolae_shop_trees,
          uniq_robin
D:5:      layout_loops_ring, serial_shops, shop, st_stairs_8,
          minmay_misc_feat_rows, uniq_eustachio
D:6:      layout_basic, nicolae_vehumet_altar_sigil
D:7:      layout_cave_pools, serial_shops, shop, uniq_joseph, uniq_pikel
D:8:      layout_rooms, serial_co_window_serial, co_window_of_opportunity_a,
          co_window_corner_a, co_window_of_opportunity_a, co_window_paths_b,
          co_window_corner_a, co_window_cross_3, co_window_broadway_a,
          co_window_unsneaky_path_b, co_window_corner_cb, glass_columns_a,
          basic_altar, uniq_erica, uniq_grum
D:9:      layout_basic, serial_shops, shop
D:10:     layout_cave_pools, eino_house_with_fridge
D:11:     layout_gridville, dpeg_oklobed_lair, gammafunk_ghost_smash
D:12:     minmay_bloctagon_deflated, layout_rooms, orc_0_dummy, serial_shops,
          nicolae_shop_crystal
D:13:     layout_loops_ring, erik_vaults_1, minmay_misc_feat_ornament,
          billiards_dpeg
D:14:     layout_irregular_city, hangedman_decor_cross_pass, the_bakery,
          uniq_agnes
D:15:     gammafunk_depths_entry_grave, layout_cave_pools, basic_altar,
          grunt_ministairs_5, hangedman_ru_absence
Temple:   regret_index_temple_waves
Lair:1:   layout_chaotic_city, uniq_gastronok
Lair:2:   layout_small_grid, minmay_shoals_entry_centaurs, dummy_snake_entry,
          minmay_lair_oklob_chamber
Lair:3:   layout_long_grid, gammafunk_ghost_berserking_beasts,
          infiniplex_staircase_pool_2
Lair:4:   layout_roguey
Lair:5:   layout_roguey, minmay_slime_entry_pillars, beast_lair_carwin_3
Lair:6:   evilmike_catoblepas_cave, layout_concentric_octagons, st_stairs_3
Snake:1:  layout_honeycomb, serial_shops, nicolae_shop_stone,
          grunt_ministairs_4, minmay_shop_star, uniq_louise
Snake:2:  layout_onion, grunt_megastairs_5
Snake:3:  layout_onion, serial_shops, bzr_firewalk
Snake:4:  grunt_snake_rune_pools, layout_cave_pods,
          portal_ice_cave_entry_pillars_2, minmay_shop_grove,
          serial_bayou_shore_a, grunt_megastairs_3, uniq_aizul, uniq_saint_roka,
          uniq_kirke
Orc:1:    layout_caves
Orc:2:    st_orc_congregation, layout_diamond_mine, serial_shops,
          nicolae_shop_waterfront, basic_altar
Elf:1:    eino_elf_arrival_the_gate, layout_gridlike, minmay_elf_necromancy,
          nicolae_elf_m_pinch, nicolae_elf_stone_circles, lemuel_blue_sif_altar
Elf:2:    layout_geoelf_grid, grunt_megastairs_2
Elf:3:    elf_hall, layout_rooms, serial_shops, shop_statue, uniq_asterion

Skill      XL: |  1  2  3  4  5  6  7  8  9 10 11 12 13 14 15 16 17 18 |
---------------+-------------------------------------------------------+-----
Dodging        | 3 4 5 6 7 9 10 | 10.8
Stealth        | 5 6 7 8 10 12 14 16 18 20 22 25 26 27 | 27.0
Spellcasting   | 3 4 |  4.0
Hexes          | 4 5 6 8 10 11 | 11.0
Ice Magic      | 1 2 4 5 6 |  6.0
Fighting       | 3 5 7 9 10 | 10.8
Short Blades   | 5 7 9 10 | 10.0
Transmutations | 9 12 | 12.2
Earth Magic    | 6 9 10 11 | 11.0
Shields        | 7 |  7.2
Invocations    | 3 4 |  4.8

Action                   |  1- 3 |  4- 6 |  7- 9 | 10-12 | 13-15 | 16-18 || total
-------------------------+-------+-------+-------+-------+-------+-------++-------
Melee: Dagger            |    42 |   173 |    88 |   255 |   925 |   874 ||  2357
       Mace              |     2 |       |       |       |       |       ||     2
 Cast: Corona            |     4 |     1 |       |       |       |       ||     5
       Ensorcelled Hiber |    31 |    35 |    54 |   112 |   308 |    72 ||   612
       Confusing Touch   |       |     9 |     5 |     9 |    41 |     4 ||    68
       Tukima's Dance    |       |     1 |     1 |     3 |    51 |     3 ||    59
       Statue Form       |       |       |       |       |       |    31 ||    31
       Invisibility      |       |       |       |       |       |    11 ||    11
Invok: Shadow Step       |       |       |       |       |     5 |     9 ||    14
Evoke: Wand              |       |       |     8 |       |     2 |       ||    10
  Use: Scroll            |       |     8 |     7 |    10 |     9 |    17 ||    51
       Potion            |       |       |       |       |     2 |     5 ||     7
 Stab: Sleeping          |    25 |    23 |    42 |   123 |   278 |   151 ||   642
       Confused          |       |    10 |     2 |     6 |    39 |     2 ||    59
       Distracted        |       |       |       |     2 |     2 |     3 ||     7
       Invisible         |       |       |       |       |       |    15 ||    15
Armor: Robe              |     2 |    15 |     3 |     3 |       |       ||    23
       Steam dragon scal |       |       |       |    10 |    50 |    15 ||    75
       Skin              |       |       |       |       |       |   191 ||   191
Dodge: Dodged            |    13 |   114 |    57 |   191 |   550 |   730 ||  1655
Block: Other             |       |       |       |       |   128 |    65 ||   193
       Reflection        |       |       |       |       |     5 |    43 ||    48
       Buckler           |       |       |       |       |       |   277 ||   277

Table legend: (Time is in decaauts)
 A = Elapsed time spent in this place.
 B = Non-inter-level travel time spent in this place.
 C = Inter-level travel time spent in this place.
 D = Time resting spent in this place.
 E = Time spent auto-exploring this place.
 F = Levels seen in this place.
 G = Mean time per level.
                   A        B        C        D        E       F      G
               +--------+--------+--------+--------+--------+-----+--------+
         Total |  34584 |  32886 |   1698 |   9896 |  15841 |  32 | 1080.8 |
       Dungeon |  16108 |  15299 |    809 |   4610 |   7490 |  15 | 1073.9 |
        Temple |    131 |    109 |     22 |      0 |    104 |   1 |  131.0 |
          Lair |   6323 |   5914 |    409 |   1623 |   3164 |   6 | 1053.8 |
     Snake Pit |   6338 |   6092 |    246 |   1538 |   2972 |   4 | 1584.5 |
  Orcish Mines |   3596 |   3502 |     94 |   1849 |    918 |   2 | 1798.0 |
   Elven Halls |   2016 |   1901 |    115 |    275 |   1129 |   3 |  672.0 |
        Bazaar |     70 |     70 |      0 |      0 |     60 |   1 |   70.0 |
               +--------+--------+--------+--------+--------+-----+--------+

Top non-repeatable levels by time:
   Orc:1: 2486 daAuts
 Snake:4: 1931 daAuts
  Lair:6: 1920 daAuts
     D:2: 1624 daAuts
 Snake:1: 1543 daAuts
 Snake:3: 1498 daAuts
    D:11: 1492 daAuts
    D:14: 1421 daAuts
  Lair:5: 1390 daAuts
 Snake:2: 1364 daAuts
    D:12: 1339 daAuts
    D:13: 1291 daAuts
    D:15: 1253 daAuts
     D:3: 1249 daAuts
   Orc:2: 1109 daAuts
